 Dungeon Crawl Stone Soup version 0.31.0-32-g396128a36d (webtiles) character file.

Game seed: 8657584542911203098

12856 James the Skirmisher (level 11, -1/94 HPs)
             Began as a Grey Draconian Hunter on Mar 15, 2024.
             Was a Believer of the Shining One.
             Slain by a cane toad (5 damage)
             ... on level 1 of the Lair of Beasts.
             The game lasted 00:33:07 (10232 turns).

James the Skirmisher (Grey Draconian Hunter)       Turns: 10232, Time: 00:33:07

Health: -1/94      AC: 16    Str: 13    XL:     11   Next: 67%
Magic:  14/14      EV: 16    Int: 12    God:    the Shining One [**....]
Gold:   588        SH:  0    Dex: 20    Spells: 10/10 levels left

rFire   . . .        a - +2 arbalest (flame)
rCold   . . .        (shield currently unavailable)
rNeg    + . .        (body armour unavailable)
rPois   .            (helmet restricted)
rElec   .            y - +2 cloak
rCorr   .            (no gloves)
SInv    +            g - +0 pair of boots
Will    ++...        D - necklace of Bloodlust {Fury *Rage Will++ Int-3 Slay+6}
Stlth   +            n - +6 ring of intelligence
HPRegen 0.35/turn    z - ring of see invisible
MPRegen 0.14/turn

%: random rage (50%)
@: lethally poisoned (-1 -> -14), glowing
A: AC +12, amphibious, unfitting armour, cold-blooded
a: Renounce Religion, Divine Shield


You were on level 1 of the Lair of Beasts.
You worshipped the Shining One.
The Shining One was pleased with you.
You visited 3 branches of the dungeon, and saw 13 of its levels.
You also visited: Bailey.

You collected 774 gold pieces.
You spent 186 gold pieces at shops.

Inventory:

Hand Weapons
 a - a +2 arbalest of flaming (weapon)
   (You acquired it on level 5 of the Dungeon)
 b - a +4 falchion
   (You took it off a wight on level 7 of the Dungeon)
 j - a +0 quarterstaff
   (You found it on level 2 of the Dungeon)
 k - the +1 mace of Dust {venom, *Noise Int+3 Dex+5 Stlth+}
   (You found it on level 6 of the Dungeon)

   Int+3:     It affects your intelligence (+3).
   Dex+5:     It affects your dexterity (+5).
   *Noise:    It may make a loud noise when swung.
   Stlth+:    It makes you more stealthy.
 p - a +0 short sword of holy wrath
   (You found it on level 3 of the Dungeon)
 w - a +0 halberd of holy wrath
   (You took it off a gnoll on level 10 of the Dungeon)
 F - a +0 arbalest
   (You took it off an orc in a bailey)
 H - a +3 dire flail
   (You took it off a wight on level 7 of the Dungeon)
 L - a +0 glaive
   (You took it off an orc warrior in a bailey)
 Q - a +4 dagger
   (You took it off a wight on level 8 of the Dungeon)
 R - a +5 great sword
   (You took it off a wight on level 8 of the Dungeon)
 S - a +4 trident
   (You took it off a wight on level 8 of the Dungeon)
Missiles
 o - 48 poisoned darts
 v - 2 throwing nets {!f}
 B - 4 curare-tipped darts {!f}
Armour
 g - a +0 pair of boots (worn)
   (You found it on level 6 of the Dungeon)
 y - a +2 cloak (worn)
   (You found it on level 8 of the Dungeon)
Jewellery
 n - a +6 ring of intelligence (left hand)
   (You found it on level 3 of the Dungeon)
 z - a ring of see invisible (right hand)
   (You found it on level 8 of the Dungeon)
 D - the necklace of Bloodlust (around neck) {Fury *Rage Will++ Int-3 Slay+6}
   (You found it on level 4 of the Dungeon)

   [amulet of nothing]

   Fury:      It extends the wearer's berserk rage when killing foes.
   Int-3:     It affects your intelligence (-3).
   Slay+6:    It affects your accuracy & damage with ranged weapons and melee
   (+6).
   Will++:    It greatly increases your willpower.
   *Rage:     It berserks you when you make melee attacks (+50% chance).
 E - a ring of magical power
   (You bought it in a shop on level 10 of the Dungeon)
 W - a ring of ice
   (You found it on level 8 of the Dungeon)
Wands
 d - a wand of iceblast (8)
   (You found it on level 8 of the Dungeon)
 t - a wand of flame (41)
   (You found it on level 5 of the Dungeon)
 u - a wand of light (10)
   (You took it off Pikel on level 6 of the Dungeon)
 G - a wand of charming (6)
   (You took it off Erolcha on level 11 of the Dungeon)
Scrolls
 f - 3 scrolls of fear
 l - 2 scrolls of acquirement
 r - a scroll of silence {unknown}
 s - 4 scrolls of teleportation {@r4}
 x - a scroll of brand weapon {unknown}
 N - a scroll of revelation
 O - a scroll of blinking {unknown}
 V - a scroll of butterflies
 X - 2 scrolls of fog {unknown}
Potions
 c - a potion of resistance
 e - 3 potions of berserk rage
 h - a potion of mutation {unknown}
 i - 5 potions of curing {@q1}
 m - a potion of ambrosia {unknown}
 q - 3 potions of heal wounds {@q2}
 A - a potion of degeneration {unknown}
 C - a potion of enlightenment
 I - 2 potions of might
 Y - 2 potions of haste {unknown}
 Z - 2 potions of brilliance {unknown}
Miscellaneous
 M - a phantom mirror (inert)
   (You found it in a bailey)


   Skills:
 + Level 8.2 Fighting
 * Level 14.4 Ranged Weapons
 + Level 6.7 Dodging
 - Level 0.8 Stealth
 + Level 4.5 Invocations


You had 10 spell levels left.
You didn't know any spells.
Your spell library contained the following spells:

 Spells                   Type           Power      Damage    Failure   Level
 Freeze                   Ice            0%         1d3       32%         1
 Slow                     Hex            0%         N/A       32%         1
 Sting                    Conj/Alch      0%         1d3       32%         1
 Summon Small Mammal      Summ           0%         N/A       32%         1
 Mercury Vapours          Alch/Air       0%         N/A       45%         2
 Frozen Ramparts          Ice            0%         1d1       69%         3
 Gell's Gravitas          Tloc           0%         N/A       69%         3
 Hailstorm                Conj/Ice       0%         3d5       69%         3
 Teleport Other           Tloc           0%         N/A       69%         3
 Leda's Liquefaction      Alch/Erth      0%         N/A       97%         4
 Olgreb's Toxic Radiance  Alch           0%         N/A       97%         4
 Petrify                  Alch/Erth      0%         N/A       97%         4
 Metabolic Englaciation   Hex/Ice        0%         N/A       100%        5
 Death Channel            Necr           0%         N/A       100%        6
 Dispersal                Tloc           0%         N/A       100%        6
 Dragon's Call            Summ           0%         N/A       100%        9
 Animate Armour           Summ/Erth      Unusable   N/A       N/A         4

Dungeon Overview and Level Annotations

Branches:
Dungeon (11/15)            Temple (1/1) D:6            Lair (1/5) D:11
    Orc (0/2) D:11         Bailey (visited)

Altars:
Ashenzari
Cheibriados
Dithmenos
Elyvilon
Fedhas
Gozag
Hepliaklqana
Kikubaaqudgha
Makhleb
Nemelex Xobeh
Okawaru
Qazlal
Ru
Sif Muna
Trog
Uskayaw
Vehumet
Wu Jian
Xom
Yredelemnul
Zin
The Shining One

Shops:
D:7 [   D:8 [*   D:10 *


Innate Abilities, Weirdness & Mutations

Your dull iron-grey scales are very hard. (AC +12)
You are amphibious.
You cannot fit into any form of body armour.
You are cold-blooded and may be slowed by cold attacks.


Message History

Aim: a yak (haloed, 92% to hit)
You shoot a bolt. The bolt hits the yak!
The bolt burns the yak.
You feel very sick.
Your cane toad barely misses the yak.
The yak gores you but does no damage. The yak closely misses you.
Fire: a) +2 arbalest (flame)
Press: ? - help, Q - select action, (/) - cycle Shift-Dir - straight line, f/p - yak
Aim: a yak (haloed, 92% to hit)
You shoot a bolt. The bolt hits the yak!
The bolt burns the yak.
You kill the yak!
You feel sick.
A bullfrog comes into view.
Your cane toad barely misses the yak.
The yak barely misses you. The cane toad stings you!
* * * LOW HITPOINT WARNING * * *
You are lethally poisoned!
The cane toad poisons you!
The bullfrog moves out of view.
You feel better.
Your cane toad closely misses the yak.
The cane toad stings you!
* * * LOW HITPOINT WARNING * * *
You are lethally poisoned!
The cane toad poisons you! The yak closely misses you.
Your cane toad stings the yak!
The yak is poisoned.
Your cane toad poisons the yak!
You feel much better.
You feel very sick. The cane toad stings you.
* * * LOW HITPOINT WARNING * * *
The bullfrog snags a nearby fly with its tongue.
The yak gores you.
* * * LOW HITPOINT WARNING * * *
Your cane toad stings the yak.
You feel better. The cane toad stings you.
* * * LOW HITPOINT WARNING * * *
You are poisoned.
The cane toad poisons you!
Your cane toad stings the yak!
The yak barely misses you.
Unknown command.
Unknown command.
Fire: a) +2 arbalest (flame)
Press: ? - help, Q - select action, (/) - cycle Shift-Dir - straight line, f/p - yak
Aim: a yak (haloed, 92% to hit)
You shoot a bolt. The bolt hits the cane toad!
The bolt burns the cane toad.
You feel very sick. The cane toad stings you!
* * * LOW HITPOINT WARNING * * *
Your cane toad closely misses the yak.
The yak gores you.
* * * LOW HITPOINT WARNING * * *
The cane toad stings you.
You die...

... [..#
....#####
..#P.....###
#.......YF@# #
........FY###P#..
....#.#.FYY......
#.....#..Y......[
.#..P......(.....
....#P...#....#F.
........##.#.#...
...(....#....#...
..#.....<........


You could see 2 elephants, 2 yaks, a cane toad (ally target), a bullfrog and a
friendly cane toad (summoned, drained).

Vanquished Creatures
  Erolcha (D:11)
  A boulder beetle (D:7)
  2 two-headed ogres
  Pikel (D:6)
  A harpy (shapeshifter) (D:9)
  An orc knight (Bailey)
  2 gargoyles (D:11)
  Psyche (D:8)
  A troll (D:10)
  Prince Ribbit (D:7)
  A vampire (D:9)
  A wraith (D:11)
  2 shadows
  7 yaks
  A warg (D:10)
  2 steam dragons
  2 acid dragons
  A water moccasin (Lair:1)
  17 orc warriors
  An ice beast (D:7)
  An ogre (D:5)
  3 wolves
  3 centaurs
  2 lemures
  5 kobold brigands
  2 gnoll sergeants
  4 bullfrogs
  2 scorpions (D:6)
  8 wights
  15 killer bees
  5 howler monkeys
  2 bombardier beetles
  A jelly (D:6)
  4 hounds
  7 orc priests
  A sleepcap (D:6)
  Jessica (D:3)
  17 orc wizards
  An iguana (D:5)
  15 gnolls
  6 adders
  A white imp (D:7)
  4 dart slugs
  A ribbon worm (D:4)
  43 orcs
  4 bats
  8 endoplasms
  13 goblins
  5 hobgoblins
  4 quokkas
  11 ball pythons
  3 frilled lizards (D:2)
  31 kobolds
  4 rats
284 creatures vanquished.

Vanquished Creatures (others)
  An orc wizard (D:5)
1 creature vanquished.

Grand Total: 285 creatures vanquished

Notes
Turn   | Place    | Note
-------+----------+-------------------------------------------
     0 | D:1      | James the Draconian Hunter began the quest for the Orb.
     0 | D:1      | Reached XP level 1. HP: 17/17 MP: 1/1
    85 | D:1      | Got the Elucidation of Postmortem Generation
   134 | D:1      | Reached skill level 4 in Ranged Weapons
   160 | D:1      | Reached XP level 2. HP: 24/24 MP: 2/2
   703 | D:2      | Reached XP level 3. HP: 29/29 MP: 3/3
  1032 | D:2      | Reached skill level 5 in Ranged Weapons
  1203 | D:3      | Reached XP level 4. HP: 34/36 MP: 4/4
  1692 | D:3      | Noticed Jessica
  1699 | D:3      | Killed Jessica
  1700 | D:3      | Reached XP level 5. HP: 41/41 MP: 5/5
  1896 | D:4      | Reached skill level 6 in Ranged Weapons
  2113 | D:4      | Found a stormy altar of Qazlal.
  2450 | D:4      | Reached XP level 6. HP: 18/48 MP: 6/6
  2728 | D:4      | Reached skill level 7 in Ranged Weapons
  2797 | D:4      | Found the necklace of Bloodlust {Fury *Rage Will++ Int-3
                  | Slay+6}
  2850 | D:5      | Entered Level 5 of the Dungeon
  2853 | D:5      | Identified 2 scrolls of acquirement
  2855 | D:4      | Acquired a +2 arbalest of flaming
  2983 | D:5      | Found a shimmering blue altar of Sif Muna.
  3166 | D:5      | Your scales start taking on a dull iron-grey colour.
  3166 | D:5      | Reached XP level 7. HP: 56/56 MP: 7/7
  3445 | D:5      | Got Sif Muna's Commentary on Curses
  4058 | D:6      | Reached skill level 8 in Ranged Weapons
  4214 | D:6      | Reached XP level 8. HP: 66/66 MP: 8/8
  4349 | D:6      | Identified the +1 mace of Dust {venom, *Noise Int+3 Dex+5
                  | Stlth+}
  4529 | D:6      | Found a staircase to the Ecumenical Temple.
  4539 | Temple   | Entered the Ecumenical Temple
  4551 | Temple   | Became a worshipper of the Shining One
  4565 | D:6      | Noticed Pikel
  4580 | D:6      | Killed Pikel
  4581 | D:6      | Reached skill level 10 in Ranged Weapons
  4854 | D:6      | Found an ancient bone altar of Kikubaaqudgha.
  5070 | D:7      | Found Tour's Antique Armour Boutique.
  5355 | D:7      | Noticed Prince Ribbit
  5362 | D:7      | Killed Prince Ribbit
  5363 | D:7      | Reached XP level 9. HP: 71/71 MP: 9/9
  5470 | D:7      | Reached skill level 11 in Ranged Weapons
  5656 | D:7      | Identified the +0 helmet of the Seven Queens {rElec}
  5741 | D:7      | Noticed a boulder beetle
  5748 | D:7      | Killed a boulder beetle
  5750 | D:7      | Reached skill level 12 in Ranged Weapons
  6063 | D:8      | Found Xitruisky's Armour Boutique.
  6115 | D:8      | Noticed a two-headed ogre
  6119 | D:8      | Killed a two-headed ogre
  6139 | D:8      | Reached skill level 5 in Fighting
  6178 | D:8      | Found a flagged portal.
  6204 | Bailey   | Entered a bailey
  6220 | Bailey   | Reached XP level 10. HP: 43/81 MP: 10/10
  7007 | Bailey   | Noticed an orc knight
  7015 | Bailey   | Killed an orc knight
  7016 | Bailey   | Reached skill level 13 in Ranged Weapons
  7212 | D:8      | Noticed Psyche
  7214 | D:8      | Killed Psyche
  7265 | D:8      | Reached * piety under the Shining One
  7274 | D:8      | Reached skill level 5 in Dodging
  7735 | D:8      | Found Ickaluco's General Store.
  7941 | D:8      | Bought a scroll of fear for 48 gold pieces
  7941 | D:8      | Bought a potion of might for 48 gold pieces
  8068 | D:9      | Reached skill level 1 in Invocations
  8173 | D:9      | Noticed a harpy
  8178 | D:9      | Killed a harpy
  8243 | D:9      | Reached XP level 11. HP: 85/92 MP: 12/12
  8881 | D:10     | Entered Level 10 of the Dungeon
  8895 | D:10     | Found Pem Rut's Assorted Antiques.
  9239 | D:10     | Noticed a two-headed ogre
  9243 | D:10     | Killed a two-headed ogre
  9293 | D:10     | Reached skill level 14 in Ranged Weapons
  9322 | D:10     | Reached ** piety under the Shining One
  9606 | D:10     | Bought a tubular onyx ring for 90 gold pieces
  9812 | D:11     | Found a staircase to the Lair.
  9905 | D:11     | Noticed Erolcha
  9912 | D:11     | Killed Erolcha
 10055 | D:11     | Found a staircase to the Orcish Mines.
 10207 | Lair:1   | Entered Level 1 of the Lair of Beasts
 10229 | Lair:1   | HP: 3/94 [cane toad (15)]
 10232 | Lair:1   | Slain by a cane toad

Illustrated notes

Levels and vault maps discovered:
D:1:      denvon_arrival_waterhouse, layout_rooms
D:2:      layout_loops_ring, minmay_misc_feat_cross
D:3:      layout_basic, minmay_misc_feat_tiny, hangedman_feature_mirror,
          uniq_jessica
D:4:      layout_basic, old_standard_altar, minmay_crystal_water,
          nrook_mini_vaults, minmay_crystal_room
D:5:      layout_cave_pods, led_sif_book
D:6:      layout_loops_corners, mainiacjoe_overflow_alcove_1,
          minmay_temple_entry_junction_2, hangedman_decor_points,
          dreamdust_princess_bridge, uniq_pikel
D:7:      layout_loops_ring, serial_shops, shop, uniq_prince_ribbit1
D:8:      layout_cave_pods, serial_shops, shop, shop, enter_bailey_5,
          uniq_psyche
D:9:      layout_basic
D:10:     layout_big_octagon, serial_shops, shop
D:11:     layout_rooms, erik_lair_orcish_takeover, david_orc_4, uniq_erolcha
Temple:   hellmonk_temple_of_storms
Lair:1:   layout_misc_corridors

Skill      XL: |  1  2  3  4  5  6  7  8  9 10 11 |
---------------+----------------------------------+-----
Ranged Weapons | 4 5 6 7 8 10 12 13 14 | 14.4
Dodging        | 2 3 4 5 6 |  6.7
Fighting       | 4 5 7 8 |  8.2
Invocations    | 2 4 |  4.5
Stealth        | |  0.8

Action                     |  1- 3 |  4- 6 |  7- 9 | 10-12 || total
---------------------------+-------+-------+-------+-------++-------
  Melee: Dagger            |       |     4 |       |       ||     4
   Fire: Shortbow          |   121 |   139 |       |       ||   260
         Arbalest          |       |    22 |   148 |   302 ||   472
  Evoke: Wand              |       |       |     1 |       ||     1
         Phantom mirror    |       |       |       |     1 ||     1
    Use: Scroll            |       |    10 |     6 |       ||    16
         Potion            |       |       |       |     3 ||     3
 Armour: Skin              |    43 |    37 |    33 |   120 ||   233
  Dodge: Dodged            |    48 |    25 |    32 |   160 ||   265
